 Dungeon Crawl Stone Soup version 0.18-a0-1800-gdc7a371 (webtiles) character file.

17 4thArraOfDagon the Vexing (level 2, 1/21 HPs)
             Began as a Mummy Arcane Marksman on Apr 24, 2016.
             Quit the game on level 5 of the Dungeon.
             The game lasted 00:04:01 (610 turns).

4thArraOfDagon the Vexing (Mummy Arcane Marksman)    Turns: 610, Time: 00:04:02

Health: 1/21       AC:  8    Str: 14    XL:     2   Next: 44%
Magic:  3/3        EV:  9    Int: 12    God:
Gold:   119        SH:  0    Dex: 11    Spells: 1 memorised, 2 levels left

rFire  x . .     SeeInvis .     k - +0 whip
rCold  + . .     Gourm    .     f - +0 scale mail
rNeg   + + +     Faith    +     (no shield)
rPois  ∞         Spirit   .     l - +0 helmet
rElec  .         Dismiss  .     (no cloak)
rCorr  .         Reflect  .     (no gloves)
SustAt .         Harm     .     n - +0 pair of boots
MR     .....                    h - amulet of faith
Stlth  ..........               (no ring)
                                (no ring)

@: not resistant to hostile enchantments, extremely unstealthy
A: no food or potions, fire vulnerability, cold resistance 1, negative energy
resistance 3, torment resistance, unbreathing
a: no special abilities


You were on level 5 of the Dungeon.
You were not hungry.

You visited 1 branch of the dungeon, and saw 6 of its levels.

You collected 119 gold pieces.

Inventory:

Hand Weapons
 a - a +0 hand crossbow
 b - a +0 war axe
 k - a +0 whip (weapon)
Missiles
 j - 3 javelins (quivered)
Armour
 f - a +0 scale mail (worn)
 l - a +0 helmet (worn)
 n - a +0 pair of boots (worn)
Jewellery
 h - an amulet of faith (around neck)
Scrolls
 e - a scroll of remove curse
 g - a scroll of fog
 i - a scroll of noise
Books
 c - a book of Debilitation

   Spells                             Type                      Level
   a - Corona                         Hexes                        1
   b - Slow                           Hexes                        2
   c - Gell's Gravitas                Hexes/Translocation          3
   d - Inner Flame                    Hexes/Fire                   3
   e - Cause Fear                     Hexes                        4
   f - Leda's Liquefaction            Hexes/Earth                  4


   Skills:
 + Level 1.1 Fighting
 - Level 2.5 Crossbows
 - Level 1.5 Dodging
 - Level 1.0 Spellcasting
 - Level 2.6 Hexes


You had 2 spell levels left.
You knew the following spells:

 Your Spells              Type           Power        Failure   Level  Hunger
a - Corona                Hex            #......      56%         1    N/A

Dungeon Overview and Level Annotations

Branches:
Dungeon (6/15)
 Temple: D:4-7

Altars:


Innate Abilities, Weirdness & Mutations

You do not eat or drink.
Your flesh is vulnerable to fire.
You are immune to poison.
Your flesh is cold resistant.
You are immune to negative energy.
You are immune to unholy pain and torment.
You can survive without breathing.


Message History

Unknown command.
A sky beast appears from thin air!
Reactivating autopickup.
You see here 11 stones.
Unknown command.
A centaur comes into view.
The centaur shouts!
The centaur wields a shortbow.
The centaur shoots an arrow.
The arrow hits you!
Ouch! That really hurt!
You see here an arrow.
The centaur shoots an arrow.
The arrow hits you!
* * * LOW HITPOINT WARNING * * *
You see here an arrow.
Unknown command.
Unknown command.
Read which item? (? for menu, Esc to quit)
Okay, then.
Read which item? (? for menu, Esc to quit)
Okay, then.
Are you sure you want to abandon this character and quit the game? (Confirm with "yes".)

###....##. ....... ..
.......#< ..c.....#.##
#...#... ...........#####
#...###.
.................#...##..
...........####.........
..............###.......
### #....$...#...####.#.#
.. #...@...# #..###..##
.. #..YS...# ##..##..# #.
#.(.....# #.......# ###..
#......## #.......#
#....##....!.# #.......+
##.........#### #>......#
#......>...# ###.......#
..#........# ##.........#
#........# #..#......†#


You could see a sky beast, a centaur and a ball python.

Vanquished Creatures
  An ooze (D:1)
  A giant cockroach (D:1)
  A goblin (D:1)
  3 kobolds
  5 bats
  3 giant newts
  A rat (D:1)
15 creatures vanquished.

Notes
Turn   | Place    | Note
--------------------------------------------------------------
     0 | D:1      | 4thArraOfDagon the Mummy Arcane Marksman began the quest for the Orb.
     0 | D:1      | Reached XP level 1. HP: 15/15 MP: 2/2
     0 | D:1      | uh oh
    70 | D:1      | M4edhros: gj, okawaru?
    90 | D:1      | 4thArraOfDagon: hi
    90 | D:1      | 4thArraOfDagon: yeah
    90 | D:1      | M4edhros: hi there
    90 | D:1      | 4thArraOfDagon: oka or gozzy
   107 | D:1      | M4edhros: its gona be fast gifts with oka
   145 | D:1      | Reached XP level 2. HP: 21/21 MP: 3/3
   410 | D:4      | 4thArraOfDagon: wasted
   410 | D:4      | 4thArraOfDagon: 30ammo
   422 | D:5      | Entered Level 5 of the Dungeon
   603 | D:5      | Noticed a sky beast
   608 | D:5      | Noticed a centaur
   609 | D:5      | HP: 1/21 [centaur/arrow (7)]
   610 | D:5      | Quit the game

Vault maps used:
D:1:      eino_arrival_druids_welcome
D:2:      old_standard_altar, first_bread, lemuel_another_geyser
D:3:      uniq_crazy_yiuf_cottage
D:4:      kennysheep_mini_moat, nemelex_deck, kiku_gazebo_pond_becter,
          temple_hall
D:5:      zin_scriptorium, vehumet_altar_wand_db, nicolae_ossuary_entry_giza,
          kennysheep_minor_cross, kennysheep_generic_room_10
D:6:      uniq_menkaure

Skill      XL: |  1 |
---------------+----+-----
Crossbows      | 2 |  2.5
Fighting       | |  1.1
Dodging        | |  1.5
Spellcasting   | |  1.0
Hexes          | |  2.6

Action                   || total
-------------------------++-------
Melee: Whip              ||    11
 Fire: Hand crossbow     ||    32
Throw: Javelin           ||    19
  Use: Scroll            ||     6
Armor: Scale mail        ||    28
Dodge: Dodged            ||    38
